 Dungeon Crawl Stone Soup version 0.28.0-43-g3370ac3207 (webtiles) character file.

Game seed: 6913147645513141657

102 RascalDebosk the Skirmisher (level 4, 0/40 (41) HPs)
             Began as a Minotaur Berserker on Mar 31, 2022.
             Was a Believer of Trog.
             Slain by Crazy Yiuf
             ... wielding a +2 quarterstaff of chaos
              (1 damage)
             ... on level 3 of the Dungeon.
             The game lasted 00:14:40 (3401 turns).

RascalDebosk the Skirmisher (Minotaur Berserker)    Turns: 3401, Time: 00:14:41

HP:   0/40 (41)     AC:  9    Str: 23    XL:     4   Next: 49%
MP:   3/3           EV:  8    Int:  4    God:    Trog [**....]
Gold: 144           SH:  5    Dex: 10    Spells: 3/3 levels left

rFire   . . .      SeeInvis .   a - +0 hand axe
rCold   + . .      Faith    .   (no shield)
rNeg    . . .      Spirit   .   i - +0 chain mail {rC+}
rPois   .          Reflect  +   (helmet restricted)
rElec   .          Harm     .   (no cloak)
rCorr   .          Rampage  .   (no gloves)
Will    .....                   (no boots)
Stlth   ..........              j - amulet of reflection
HPRegen 0.13/turn               (no ring)
MPRegen 0.08/turn               (no ring)

@: lightly drained
A: horns 2, retaliatory headbutt
a: Renounce Religion, Berserk, Trog's Hand


You were on level 3 of the Dungeon.
You worshipped Trog.
Trog was pleased with you.
You visited 1 branch of the dungeon, and saw 3 of its levels.

You collected 144 gold pieces.

Inventory:

Hand Weapons
 a - a +0 hand axe (weapon)
Missiles
 e - 5 poisoned darts (quivered)
 g - 18 stones
Armour
 i - a +0 chain mail of cold resistance (worn)
Jewellery
 j - an amulet of reflection (around neck)
Scrolls
 b - a scroll of fog {unknown}
 c - a scroll of enchant weapon {unknown}
 d - a scroll of enchant armour {unknown}
 h - 3 scrolls of identify {unknown}
 k - a scroll of teleportation {unknown}
 l - a scroll of magic mapping {unknown}
Potions
 f - a potion of ambrosia {unknown}
 m - a potion of haste {unknown}
 n - a potion of attraction {unknown}


   Skills:
 + Level 4.3 Fighting
 + Level 4.3 Axes
 + Level 1.7 Throwing
 + Level 3.3 Armour
 - Level 2.1 Dodging
 + Level 1.4 Evocations


You had 3 spell levels left.
You didn't know any spells.
Your spell library was empty.

Dungeon Overview and Level Annotations

Branches:
Dungeon (3/15)

Altars:
Elyvilon

Annotations:
D:3 Crazy Yiuf


Innate Abilities, Weirdness & Mutations

You have a pair of horns on your head.
You reflexively headbutt those who attack you in melee.


Message History

The hobgoblin shouts!
The hobgoblin hits you but does no damage.
You slash the hobgoblin!
You kill the hobgoblin!
Trog accepts your kill.
n - a fizzy inky potion You open the door.
There is an open door here.
There is an open door here.
There is an open door here.
There is an open door here.
There is an open door here.
Crazy Yiuf shouts!
Crazy Yiuf cries, "You leg down broken song, no?"
Crazy Yiuf whimpers, "Blight!
Millenium ragdoll broken."
You open the door.
Crazy Yiuf cries, "Tonal shrimp ragdoll!"
You closely miss Crazy Yiuf. Your punch misses Crazy Yiuf.
You block Crazy Yiuf's attack.
You hit Crazy Yiuf but do no damage.
Crazy Yiuf hits you with a +2 quarterstaff of chaos.
You hit Crazy Yiuf.
Crazy Yiuf is lightly wounded.
Crazy Yiuf hits you with a +2 quarterstaff of chaos!
Crazy Yiuf burns you.
You hit Crazy Yiuf. Your headbutt misses Crazy Yiuf.
Crazy Yiuf is lightly wounded.
Crazy Yiuf hits you with a +2 quarterstaff of chaos!
You closely miss Crazy Yiuf.
Crazy Yiuf is lightly wounded.
Crazy Yiuf hits you with a +2 quarterstaff of chaos.
* * * LOW HITPOINT WARNING * * *
You feel drained.
* * * LOW HITPOINT WARNING * * *
You hit Crazy Yiuf.
Crazy Yiuf is moderately wounded.
Crazy Yiuf hits you with a +2 quarterstaff of chaos.
* * * LOW HITPOINT WARNING * * *
Crazy Yiuf burns you.
You die...

#......###.#.#.#####
##.##### #####.....#
#.# #.###.# #.#
##### ### #.# #.#
#..)# #####.# ###
#...# #.....# ...
####### #g# #.# ##@#
#.########## #.##
#...(......# ##.#
#.########.#
######### #.## #.#
#.# #.......# ##.##
#.# #.# #.#######
#..P## #.# #.# #.#
##### #..P.# ### #..
#.# #...# #....# ##.
#.###.#####....####
#.


You could see Crazy Yiuf.

Vanquished Creatures
  3 adders
  2 dart slugs
  8 orcs (D:3)
  4 bats
  6 endoplasms
  2 giant cockroaches
  6 hobgoblins
  4 quokkas
  7 ball pythons
  4 frilled lizards
  6 goblins
  3 kobolds (D:2)
  3 rats
58 creatures vanquished.

Vanquished Creatures (others)
  A quokka (D:3)
1 creature vanquished.

Grand Total: 59 creatures vanquished

Notes
Turn   | Place    | Note
-------+----------+-------------------------------------------
     0 | D:1      | RascalDebosk the Minotaur Berserker began the quest for the
                  | Orb.
     0 | D:1      | Reached XP level 1. HP: 19/19 MP: 0/0
   423 | D:1      | Reached XP level 2. HP: 21/27 MP: 1/1
  1446 | D:2      | Reached skill level 1 in Throwing
  1459 | D:2      | Reached XP level 3. HP: 28/33 MP: 2/2
  1734 | D:2      | Reached ** piety under Trog
  1735 | D:2      | Reached skill level 1 in Evocations
  2346 | D:3      | Reached XP level 4. HP: 40/40 MP: 3/3
  2670 | D:3      | Found a white marble altar of Elyvilon.
  2927 | D:3      | Found a runed translucent door.
  2928 | D:3      | Noticed Crazy Yiuf
  3401 | D:3      | HP: 1/40 [Crazy Yiuf/+2 quarterstaff of chaos (5)]
  3401 | D:3      | Slain by Crazy Yiuf

Illustrated notes

Levels and vault maps discovered:
D:1:      dpeg_arrival_central, layout_loops_corners, hangedman_decor_growths,
          minmay_misc_feat_secret_circle, hangedman_abyss_or_decor_lesser_grid,
          minmay_misc_feat_nine_boxes
D:2:      layout_basic, chequers_hall_statues_y, kennysheep_generic_room_16
D:3:      layout_loops_corners, elyvilon_altar_4, uniq_crazy_yiuf_cottage

Skill      XL: |  1  2  3 |
---------------+----------+-----
Throwing       | 1 |  1.7
Fighting       | 4 |  4.3
Axes           | 4 |  4.3
Armour         | 3 |  3.3
Evocations     | 1 |  1.4
Dodging        | |  2.1

Action                   |  1- 3 |  4- 6 || total
-------------------------+-------+-------++-------
Melee: Hand axe          |    82 |    49 ||   131
       Headbutt          |     8 |     5 ||    13
       Punch             |       |     2 ||     2
Armor: Animal skin       |     5 |       ||     5
       Ring mail         |     4 |       ||     4
       Chain mail        |    23 |    21 ||    44
Dodge: Dodged            |    48 |    14 ||    62
Block: Other             |       |     4 ||     4
